 Dungeon Crawl Stone Soup version 0.31-a0-986-g5e6e4ef867 (webtiles) character file.

Game seed: 10624653228968781253

52008 croobank the Covert (level 14, -6/91 HPs)
             Began as an Octopode Delver on Nov 14, 2023.
             Was a High Priest of Ashenzari.
             Shot with an arrow by a centaur warrior (21 damage)
             ... on level 14 of the Dungeon on Nov 15, 2023.
             The game lasted 01:34:00 (23651 turns).

croobank the Covert (Octopode Delver)              Turns: 23651, Time: 01:34:00

Health: -6/91      AC: 17    Str: 27    XL:     14   Next: 62%
Magic:  20/27      EV: 17    Int: 18    God:    Ashenzari [*****.]
Gold:   55         SH:  0    Dex: 13    Spells: 12/32 levels left

rFire   + + +        a - melded +5 short sword
rCold   . . .        (shield currently unavailable)
rNeg    . . .        P - melded +1 hat of the Elysian Seer {Alch, Comp} (curse)
rPois   +            K - amulet of the Oracular Empyrean {Regen+, Comp, Bglg} (curse)
rElec   .            v - ring "Overhang to Understand" {AC+4, Melee, Bglg} (curse)
rCorr   .            A - ring "Thunder Perfect Mind" {rC+, Self, Alch} (curse)
SInv    +            z - ring of the Cursed Welkin {rPois, Dev, Cun} (curse)
Will    +....        F - ring "Overhang to Understand" {Str+6, Dev, Bglg} (curse)
Stlth   ++++++       S - ring "Elysian Loss" {AC+4, Elem, Melee} (curse)
HPRegen 1.15/turn    H - ring "I Knew You'd Do That" {rC+, Comp, Alch} (curse)
MPRegen 0.20/turn    T - ring of Curses and Power {EV+5, Cun, Dev} (curse)
                     Q - ring "Sibylline Suspicion" {Fire, Melee, Comp} (curse)

%: clarity
@: dragon-form, flying
A: dragon claw, dragon scales, breathe fire, flying, reduced hp, almost no
armour, amphibious, 8 rings, giant, (camouflage 1), (gelatinous body 1), (nimble
swimmer 1), (tentacles)
a: Breathe Fire, Begin Untransformation, Renounce Religion, Curse Item, Shatter
the Chains


You were on level 14 of the Dungeon.
You worshipped Ashenzari.
Ashenzari was extremely pleased with you.
You were a fearsome dragon!
You visited 2 branches of the dungeon, and saw 19 of its levels.

You collected 1152 gold pieces.
You spent 1097 gold pieces at shops.

Inventory:

Hand Weapons
 a - a +5 short sword (melded)
 b - a +0 orcbow
 o - a +0 war axe of freezing
 y - a +0 morningstar
 E - a +4 war axe of freezing
 J - a +0 short sword of holy wrath
 M - a +2 dagger of venom
 W - the +0 sling of Blood {freeze, rC- Will+++ Dex+7}
   (You bought it in a shop on level 8 of the Dungeon)

   Dex+7:     It affects your dexterity (+7).
   rC-:       It makes you vulnerable to cold.
   Will+++:   It greatly increases your willpower.
 X - the +1 war axe of Wrongful Imprisonment {heavy, rElec rC+ Int+2}
   (You found it on level 1 of the Lair of Beasts)

   Int+2:     It affects your intelligence (+2).
   rC+:       It protects you from cold.
   rElec:     It insulates you from electricity.
Missiles
 l - 33 poisoned darts (quivered)
 O - 2 curare-tipped darts
Armour
 P - the cursed +1 hat of the Elysian Seer (melded) {Alch, Comp}
   (You found it on level 9 of the Dungeon)

   It has a curse which improves the following skills: Alchemy: Poison Magic and
   Transmutations.
   Companions: Summonings and Necromancy.
 Y - a +0 kite shield
Jewellery
 u - a +6 ring of intelligence
 v - the cursed ring "Overhang to Understand" (left foreclaw) {AC+4, Melee, Bglg}
   (You found it on level 4 of the Dungeon)

   [ring of protection]

   AC+4:      It affects your AC (+4).
   It has a curse which improves the following skills: Melee Combat: Short
   Blades, Long Blades, Axes, Maces & Flails, Polearms, Staves and Unarmed
   Combat.
   Beguiling: Conjurations, Hexes and Translocations.
 z - the cursed ring of the Cursed Welkin (on tentacle) {rPois, Dev, Cun}
   (You acquired it on level 7 of the Dungeon)

   [ring of poison resistance]

   rPois:     It protects you from poison It has a curse which improves the
   following skills: Devices: Evocations and Shapeshifting.
   Cunning:   Dodging and Stealth.
 A - the cursed ring "Thunder Perfect Mind" (right foreclaw) {rC+, Self, Alch}
   (You found it on level 5 of the Dungeon)

   [ring of protection from cold]

   rC+:       It protects you from cold.
   It has a curse which improves the following skills: Introspection: Fighting
   and Spellcasting.
   Alchemy:   Poison Magic and Transmutations.
 F - the cursed ring "Overhang to Understand" (on tentacle) {Str+6, Dev, Bglg}
   (You found it on level 7 of the Dungeon)

   [ring of strength]

   Str+6:     It affects your strength (+6).
   It has a curse which improves the following skills: Devices: Evocations and
   Shapeshifting.
   Beguiling: Conjurations, Hexes and Translocations.
 H - the cursed ring "I Knew You'd Do That" (on tentacle) {rC+, Comp, Alch}
   (You found it on level 9 of the Dungeon)

   [ring of protection from cold]

   rC+:       It protects you from cold.
   It has a curse which improves the following skills: Companions: Summonings
   and Necromancy.
   Alchemy:   Poison Magic and Transmutations.
 K - the cursed amulet of the Oracular Empyrean (around neck) {Regen+, Comp, Bglg}
   (You bought it in a shop on level 8 of the Dungeon)

   [amulet of regeneration]

   Regen+:    It increases your rate of health regeneration.
   It has a curse which improves the following skills: Companions: Summonings
   and Necromancy.
   Beguiling: Conjurations, Hexes and Translocations.
 Q - the cursed ring "Sibylline Suspicion" (on tentacle) {Fire, Melee, Comp}
   (You found it on level 11 of the Dungeon)

   [ring of fire]

   Fire:      It enhances your fire magic.
   rF+:       It protects you from fire.
   rC-:       It makes you vulnerable to cold.
   It has a curse which improves the following skills: Melee Combat: Short
   Blades, Long Blades, Axes, Maces & Flails, Polearms, Staves and Unarmed
   Combat.
   Companions: Summonings and Necromancy.
 R - a ring of fire
 S - the cursed ring "Elysian Loss" (on tentacle) {AC+4, Elem, Melee}
   (You found it on level 10 of the Dungeon)

   [ring of protection]

   AC+4:      It affects your AC (+4).
   It has a curse which improves the following skills: Elements: Fire Magic, Ice
   Magic, Air Magic and Earth Magic.
   Melee Combat: Short Blades, Long Blades, Axes, Maces & Flails, Polearms,
   Staves and Unarmed Combat.
 T - the cursed ring of Curses and Power (on tentacle) {EV+5, Cun, Dev}
   (You found it on level 11 of the Dungeon)

   [ring of evasion]

   EV+5:      It affects your evasion (+5).
   It has a curse which improves the following skills: Cunning: Dodging and
   Stealth.
   Devices:   Evocations and Shapeshifting.
 Z - a ring of ice
Talismans
 k - a beast talisman
 w - a dragon-blood talisman (active)
Wands
 c - a wand of mindburst (24)
 f - a wand of digging (18)
 x - a wand of iceblast (5)
 C - a wand of acid (6)
 G - a wand of flame (23)
 V - a wand of charming (7)
Scrolls
 d - 2 scrolls of butterflies
 n - 6 scrolls of amnesia
 p - 2 scrolls of revelation
 r - 4 scrolls of vulnerability
 L - 7 scrolls of teleportation
 N - 7 scrolls of fog
 U - 3 scrolls of enchant armour
Potions
 e - 6 potions of haste
 g - 4 potions of heal wounds
 h - 3 potions of might
 i - 4 potions of ambrosia
 j - 2 potions of resistance
 m - 2 potions of attraction
 q - a potion of invisibility
 s - 2 potions of brilliance
 t - 5 potions of lignification
 B - 5 potions of curing
 D - a potion of cancellation
 I - 4 potions of mutation


   Skills:
 + Level 9.2(11.4) Fighting
 + Level 9.0(13.1) Short Blades
 + Level 8.7(11.9) Dodging
 + Level 13.6(16.7) Stealth
 + Level 7.3(9.5) Spellcasting
 * Level 6.5(10.6) Conjurations
 + Level 7.7(11.9) Hexes
 + Level 4.9(7.9) Transmutations
 + Level 4.8(6.9) Fire Magic
 * Level 6.5(8.7) Air Magic
 + Level 6.0(9.2) Poison Magic
 * Level 7.8(12.0) Shapeshifting


You had 12 spell levels left.
You knew the following spells:

 Your Spells              Type           Power      Damage    Failure   Level
a - Confusing Touch       Hex            51%        N/A       1%          3
b - Mephitic Cloud        Conj/Pois/Air  42%        N/A       1%          3
c - Ignite Poison         Fire/Tmut/Pois 54%        N/A       1%          3
d - Irradiate             Conj/Tmut      21%        3d18      4%          5
e - Arcjolt               Conj/Air       21%        1d31      4%          5
f - Apportation           Tloc           20%        N/A       7%          1

Your spell library contained the following spells:

 Spells                   Type           Power      Damage    Failure   Level
 Magic Dart               Conj           100%       1d8       1%          1
 Shock                    Conj/Air       100%       1d9       1%          1
 Slow                     Hex            100%       N/A       1%          1
 Jinxbite                 Hex            100%       N/A       1%          2
 Sigil of Binding         Hex            51%        N/A       1%          3
 Swiftness                Air            40%        N/A       1%          3
 Tukima's Dance           Hex            51%        N/A       1%          3
 Stone Arrow              Conj/Erth      56%        3d10      2%          3
 Airstrike                Air            20%        2d(3-19)  2%          4
 Sticky Flame             Conj/Fire      57%        2d7       2%          4
 Iskenderun's Battlesphe  Conj           47%        2d10      3%          5
 Dimensional Bullseye     Hex/Tloc       15%        N/A       6%          4
 Fireball                 Conj/Fire      28%        3d12      6%          5
 Necrotise                Necr           40%        1d6       7%          1
 Alistair's Intoxication  Tmut/Pois      26%        N/A       7%          5
 Brom's Barrelling Bould  Conj/Erth      28%        2d5       9%          4
 Iskenderun's Mystic Bla  Conj/Tloc      28%        2d7       9%          4
 Call Imp                 Summ           20%        N/A       10%         2
 Sublimation of Blood     Necr           10%        N/A       10%         2
 Vhi's Electric Charge    Tloc/Air       50%        N/A       12%         4
 Petrify                  Tmut/Erth      23%        N/A       16%         4
 Vampiric Draining        Necr           10%        2d6       21%         3
 Conjure Ball Lightning   Conj/Air       21%        3x3d6     24%         6
 Orb of Destruction       Conj           23%        9d8       65%         7
 Agony                    Necr           10%        N/A       88%         5
 Ignition                 Fire           25%        3d8       100%        8
 Lehudib's Crystal Spear  Conj/Erth      14%        10d5      100%        8
 Maxwell's Capacitive Co  Air            20%        ∞         100%        8
 Animate Armour           Summ/Erth      Unusable   N/A       N/A         4

Dungeon Overview and Level Annotations

Branches:
Dungeon (14/15)            Temple (0/1) D:6            Lair (5/5) D:8
  Swamp (0/4) Lair:2        Snake (0/4) Lair:2        Slime (0/5) Lair:5
    Orc (0/2) D:12         Vaults (0/5) D:13

Altars:
Ashenzari
Dithmenos
Elyvilon
Fedhas
Gozag
Hepliaklqana
Kikubaaqudgha
Makhleb
Okawaru
Ru
Vehumet
Wu Jian
Xom
Jiyva

Shops:
D:4 (   D:6 (   D:8 **   D:12 (

Portals:
Trove: D:13 (give +5 demon whip)

Annotations:
Lair:4 1 runed translucent door, Tollund's ghost, journeyman DsSu
Lair:5 exclusion: oklob plant


Innate Abilities, Weirdness & Mutations

You are a fearsome dragon!
You have a powerful clawing attack.
Your giant scaled body is strong and resilient, but less evasive.
You can breathe fire.
You are flying.
Your maximum health is decreased, since you lack skill for your form.
Your armour is entirely melded.
You are incapable of wielding weapons or throwing items.
You cannot wear most types of armour.
You are amphibious.
You can wear up to eight rings at the same time.
((Your skin changes colour to match your surroundings (Stealth+).))
((Your rubbery body absorbs attacks. (AC +1, EV +1)))
((You are camouflaged when in or above water. (Stealth+)))
((You have tentacles for arms and can constrict up to eight enemies at once.))


Message History

Casting: Confusing Touch (safe; 1% risk of failure)
Confirm with . or Enter, or press ? or * to list all spells.
Your foreclaws begin to glow brighter.
The deep elf pyromancer shouts!
The centaur warrior unwields a +0 shortbow.
The centaur warrior barely misses you.
The centaur warrior kicks you but does no damage.
The deep elf pyromancer mumbles some strange words.
The deep elf pyromancer blinks!
The cyan ugly thing pecks you but does no damage.
You are too injured to fight recklessly!
You are too injured to fight recklessly!
You are too injured to fight recklessly!
The centaur warrior barely misses you. The centaur warrior closely misses you.
The cyan ugly thing attacks as it pursues you!
The cyan ugly thing pecks you! The cyan ugly thing shocks you!
* * * LOW HITPOINT WARNING * * *
The centaur warrior wields a +0 shortbow.
The centaur warrior shoots an arrow.
The arrow hits you but does no damage.
The centaur warrior shoots an arrow.
The arrow hits you but does no damage.
Okay, then.
You feel much better.
The centaur warrior shoots an arrow.
The arrow hits you!
The deep elf pyromancer gestures at you while chanting.
The bolt of fire hits you. You resist. The cyan ugly thing pecks you!
The cyan ugly thing shocks you!
* * * LOW HITPOINT WARNING * * *
Casting: Confusing Touch (safe; 1% risk of failure)
Confirm with . or Enter, or press ? or * to list all spells.
You don't know that spell.
Casting: Confusing Touch (safe; 1% risk of failure)
Confirm with . or Enter, or press ? or * to list all spells.
Your foreclaws begin to glow brighter.
The deep elf pyromancer gestures wildly while chanting.
The deep elf pyromancer blinks!
The slime creature closely misses you. The cyan ugly thing misses you.
You hit the cyan ugly thing but do no damage.
The cyan ugly thing appears confused.
You bite the cyan ugly thing!
The cyan ugly thing is lightly wounded.
The centaur warrior shoots an arrow.
The arrow hits you!!
You die...

,....PP...................#
,,*................P...P..#
,,,,......................##
,*,,,#..§#......[..P...P....
,*****#...e.................
,#######...........P..)P....
,.........................##
*.(......cJu.......P...P..#
*#####.....D..............##
#####.........P.......#
###....#...........
##.>...##..........
##..###..#..........
**######..## ##............
*,........## ##...........
*,.........### ##..........
,...........## ##.........


You could see a cyan ugly thing (confused), a slime creature, a centaur warrior
and a deep elf pyromancer.

Vanquished Creatures
  A fire dragon (Lair:3)
  3 hydras
  Erolcha (D:10)
  6 boulder beetles
  A catoblepas (Lair:4)
  4 centaur warriors
  A two-headed ogre (D:12)
  Urug (Lair:4)
  A skyshark (Lair:3)
  2 orb spiders (shapeshifter) (D:13)
  An ugly thing (D:12)
  A deep elf pyromancer (D:14)
  2 lindwurms (Lair:3)
  A cyclops (D:13)
  A manticore (D:14)
  A salamander (Lair:2)
  8 elephants
  3 black mambas
  11 cane toads
  An unseen horror (D:11)
  3 rime drakes
  7 komodo dragons
  4 kobold demonologists
  A meliai (shapeshifter) (D:13)
  4 trolls
  4 hornets (Lair:5)
  3 polar bears
  8 blink frogs
  12 spriggans (Lair:5)
  A centaur simulacrum (D:14)
  A shadow (D:11)
  2 vampires
  Sigmund (D:3)
  4 wyverns
  3 wraiths
  41 yaks
  3 basilisks
  4 vampire mosquitoes (D:13)
  Grum (D:9)
  3 nagas (Lair:2)
  A warg (D:12)
  2 acid dragons
  18 water moccasins
  3 orc warriors
  9 black bears
  An ogre (D:6)
  30 wolves
  5 boggarts (Lair:5)
  17 centaurs
  4 phantoms
  3 kobold brigands
  13 bullfrogs
  2 gnoll sergeants
  5 scorpions
  7 wights
  4 killer bees (D:10)
  2 howler monkeys
  4 electric eels
  2 hounds
  A jelly (D:8)
  5 orc priests
  2 sleepcaps
  3 iguanas
  11 orc wizards
  19 gnolls
  7 adders
  A shadow imp (D:6)
  A white imp (D:8)
  4 ufetubi
  5 dart slugs
  32 orcs
  3 bats
  4 bat zombies (D:10)
  4 endoplasms
  A giant cockroach (D:1)
  5 goblins
  5 hobgoblins
  4 quokkas
  5 ball pythons
  5 frilled lizards
  12 kobolds
  3 rats
  2 rat zombies (D:10)
437 creatures vanquished.

Notes
Turn   | Place    | Note
-------+----------+-------------------------------------------
     0 | D:5      | croobank the Octopode Delver began the quest for the Orb.
     0 | D:5      | Reached XP level 1. HP: 16/16 MP: 1/1
     1 | D:6      | Found an iron altar of Okawaru.
     2 | D:6      | Noticed a phantom
    13 | D:5      | Noticed an orc priest
   102 | D:5      | Reached XP level 2. HP: 21/21 MP: 2/2
   582 | D:1      | Reached XP level 3. HP: 26/26 MP: 3/3
   729 | D:1      | Reached skill level 7 in Stealth
  2013 | D:3      | Reached XP level 4. HP: 31/31 MP: 4/4
  2230 | D:3      | Found a faded altar of an unknown god.
  2239 | D:3      | Noticed Sigmund
  2277 | D:3      | Reached skill level 1 in Spellcasting
  2486 | D:3      | Killed Sigmund
  2487 | D:3      | Reached XP level 5. HP: 29/37 MP: 5/7
  2487 | D:3      | Reached XP level 6. HP: 33/43 MP: 5/8
  2765 | D:4      | Learned a level 3 spell: Confusing Touch
  3095 | D:4      | Found a broken altar of Ashenzari.
  3105 | D:4      | Found a radiant altar of Vehumet.
  3107 | D:4      | Became a worshipper of Ashenzari the Shackled
  3110 | D:4      | Found a hazy altar of Hepliaklqana.
  3110 | D:4      | Found a blossoming altar of Fedhas.
  3117 | D:4      | Found a sacrificial altar of Ru.
  3181 | D:4      | Reached skill level 8 in Stealth
  3181 | D:4      | Reached skill level 1 in Hexes
  3349 | D:4      | Found Weej's Weapon Emporium.
  3709 | D:4      | Reached XP level 7. HP: 48/48 MP: 10/10
  4085 | D:5      | Reached skill level 1 in Shapeshifting
  4447 | D:5      | Reached XP level 8. HP: 32/54 MP: 11/11
  4536 | D:5      | Found a shadowy altar of Dithmenos.
  4790 | D:6      | Found Govvit's Antique Weapon Emporium.
  4950 | D:6      | Found a white marble altar of Elyvilon.
  4998 | D:6      | Reached skill level 5 in Fighting
  5341 | D:6      | Reached skill level 9 in Stealth
  5360 | D:6      | Found a staircase to the Ecumenical Temple.
  5862 | D:7      | Reached XP level 9. HP: 57/61 MP: 9/14
  5874 | D:7      | Reached * piety under Ashenzari
  5874 | D:7      | Identified a scroll of acquirement
  5877 | D:7      | Acquired a ring of poison resistance
  5936 | D:7      | Reached skill level 5 in Short Blades
  6036 | D:7      | Reached skill level 5 in Dodging
  6494 | D:8      | Found Gaogouh's General Store.
  6813 | D:8      | Found a burning altar of Makhleb.
  6905 | D:8      | Found an opulent altar of Gozag.
  6934 | D:8      | Reached ** piety under Ashenzari
  7008 | D:8      | Found Leopt's Serpentskin Sales.
  7561 | D:8      | Found a staircase to the Lair.
  7680 | D:8      | Bought a scroll of teleportation for 42 gold pieces
  7707 | D:8      | Reached skill level 10 in Stealth
  7840 | D:8      | Reached XP level 10. HP: 32/71 MP: 9/18
  8632 | D:9      | Noticed Grum
  8709 | D:9      | Killed Grum
  8710 | D:9      | Reached skill level 5 in Hexes
  9035 | D:9      | Identified the +0 robe of Dice, Bag, and Bottle {Rampage
                  | rPois Int-3 Archmagi}
  9596 | D:9      | Reached skill level 5 in Spellcasting
  9704 | D:9      | Found a shimmering altar of Xom.
  9763 | D:10     | Entered Level 10 of the Dungeon
 10045 | D:8      | Bought an amulet of regeneration for 420 gold pieces
 10050 | D:8      | Reached *** piety under Ashenzari
 10148 | D:10     | Found an ornate altar of the Wu Jian Council.
 10302 | D:10     | Found an ancient bone altar of Kikubaaqudgha.
 10397 | D:10     | Reached **** piety under Ashenzari
 10402 | D:10     | Noticed Erolcha
 10415 | D:10     | Killed Erolcha
 10416 | D:10     | Reached skill level 11 in Stealth
 10467 | D:10     | Noticed a kobold demonologist
 10468 | D:10     | Noticed a kobold demonologist
 10471 | D:10     | Noticed a rust devil
 10475 | D:10     | Killed a kobold demonologist
 10480 | D:10     | Killed a kobold demonologist
 10481 | D:10     | Reached XP level 11. HP: 65/80 MP: 21/21
 10736 | D:10     | Reached skill level 5 in Shapeshifting
 10965 | D:10     | Learned a level 3 spell: Mephitic Cloud
 10969 | D:10     | Learned a level 3 spell: Ignite Poison
 11195 | D:11     | Noticed a boulder beetle
 11218 | D:11     | Killed a boulder beetle
 11269 | D:11     | Reached skill level 1 in Poison Magic
 11650 | D:11     | Reached ***** piety under Ashenzari
 11698 | D:11     | Reached skill level 1 in Conjurations
 11698 | D:11     | Reached skill level 1 in Fire Magic
 11698 | D:11     | Reached skill level 1 in Air Magic
 11723 | D:11     | Reached skill level 1 in Transmutations
 12245 | D:12     | Found a staircase to the Orcish Mines.
 12245 | D:12     | Noticed a boulder beetle
 12249 | D:12     | Noticed a sixfirhy
 12265 | D:12     | Noticed a soul eater
 12272 | D:12     | Noticed a centaur warrior
 12286 | D:12     | Killed a centaur warrior
 12554 | D:12     | Killed a boulder beetle
 12844 | D:12     | Identified the +3 plate armour "Zilunyto" {+Blink Str+2}
 12867 | D:12     | Found Zemp's Antique Weapon Boutique.
 12881 | D:12     | Noticed a two-headed ogre
 12901 | D:12     | Killed a two-headed ogre
 13170 | D:12     | Noticed a boulder beetle
 13203 | D:12     | Reached XP level 12. HP: 69/87 MP: 14/24
 13204 | D:12     | Killed a boulder beetle
 13332 | D:12     | Reached skill level 12 in Stealth
 13574 | D:13     | Noticed a centaur warrior
 13618 | D:13     | Killed a centaur warrior
 13870 | D:13     | Found a portal to a secret trove of treasure.
 14102 | Lair:1   | Entered Level 1 of the Lair of Beasts
 14102 | Lair:1   | Identified the +1 war axe of Wrongful Imprisonment {heavy,
                  | rElec rC+ Int+2}
 14327 | Lair:1   | Learned a level 5 spell: Irradiate
 14698 | Lair:1   | Learned a level 5 spell: Arcjolt
 14836 | Lair:1   | Identified the cursed +1 hat of the Elysian Seer {Alch,
                  | Comp} (You found it on level 9 of the Dungeon)
 15635 | Lair:2   | Noticed a boulder beetle
 15683 | Lair:2   | Killed a boulder beetle
 15708 | Lair:2   | Reached XP level 13. HP: 58/93 MP: 13/25
 15780 | Lair:2   | Found a staircase to the Swamp.
 16140 | Lair:2   | Found a staircase to the Snake Pit.
 16771 | Lair:3   | Found a white marble altar of Elyvilon.
 16865 | Lair:3   | Identified the dragon-blood talisman of Reiput {+Blink
                  | Int+4 Slay-6}
 16865 | Lair:3   | Noticed a fire dragon
 16880 | Lair:3   | Killed a fire dragon
 18081 | Lair:4   | Reached skill level 5 in Conjurations
 18177 | Lair:4   | Reached skill level 5 in Air Magic
 18177 | Lair:4   | Reached skill level 5 in Poison Magic
 18232 | Lair:4   | Noticed Urug
 18247 | Lair:4   | Killed Urug
 18506 | Lair:4   | Reached skill level 13 in Stealth
 18697 | Lair:4   | Found a runed translucent door.
 18699 | Lair:4   | Identified the +4 trident "Kab Huc" {speed, *Corrode rElec
                  | Int+3}
 18703 | Lair:4   | Noticed Tollund's ghost (journeyman DsSu)
 19876 | Lair:5   | Entered Level 5 of the Lair of Beasts
 20182 | Lair:4   | Reached XP level 14. HP: 23/101 MP: 8/27
 20534 | Lair:5   | Learned a level 1 spell: Apportation
 21248 | Lair:5   | Identified the +0 robe of Tortured the Good {Int+7}
 21812 | Lair:5   | Found a viscous altar of Jiyva.
 21814 | Lair:5   | Found a staircase to the Slime Pits.
 22904 | D:8      | Bought the +0 sling of Blood {freeze, rC- Will+++ Dex+7}
                  | for 635 gold pieces
 23161 | D:13     | Found a gate to the Vaults.
 23521 | D:14     | Found the +6 lightning scales {swift, rElec}
 23651 | D:14     | Shot with an arrow by a centaur warrior

Illustrated notes

Levels and vault maps discovered:
D:1:      lightli_arrival_windingriver, layout_loops_ring,
          corexii_item_surrounded_by_moat, minmay_misc_feat_chi
D:2:      layout_loops_ring, serial_bayou_pond_a
D:3:      layout_rooms, ebering_ecumenical_altar_sacrificial, minmay_ruptured,
          uniq_sigmund
D:4:      layout_gridville, nicolae_overflow_hallway_of_the_gods,
          nicolae_take_the_stairs
D:5:      nicolae_cairo_tiling_very_big, layout_cave_pools,
          mainiacjoe_overflow_brackets, minmay_hedge_maze, chequers_avenue,
          grunt_decor_cap
D:6:      layout_rooms, elyvilon_altar_5, okawaru_gym_becter,
          minmay_temple_entry_ruins, serial_shops, nicolae_shop_behind_doors,
          kennysheep_generic_room_14
D:7:      layout_cave_pools, chequers_serial_rivers_room_b, dreamdust_gnoll_farm
D:8:      layout_layer_cave, general_overflow_altar, lemuel_doored_altar,
          due_lair_maze_entry_diamond, serial_shops, shop, minivault_25,
          guppyfry_shop_venom
D:9:      layout_roguey, kennysheep_mini_moat, uniq_grum
D:10:     layout_long_grid, lemuel_zombie_altar_kikubaaqudgha,
          pdpol_wu_jian_five_deadly_venoms, chequers_serial_rivers_small_b,
          uniq_erolcha
D:11:     layout_loops_cross
D:12:     layout_loops_ring, david_orc_3, serial_shops, nicolae_shop_dealshenge
D:13:     layout_roguey, david_vaults_2, nicolae_trove_entry_crossroad
D:14:     layout_cave_pods, serial_park, serial_park_avenue1,
          serial_park_avenue1, serial_park_tiny_1, serial_park_square3
          [serial_park_minivault_5x5_7], uniq_frances, uniq_roxanne
Lair:1:   layout_regular_city
Lair:2:   layout_regular_city, swamp_mist, alex1729_snake_entry_snake,
          lemuel_fruit_tree
Lair:3:   layout_gridlike, basic_altar, hellmonk_talismancer
Lair:4:   layout_layer_cave, ebering_ghost_funeral_grove, st_stairs_4,
          grunt_megastairs_5, infiniplex_staircase_pool, uniq_urug
Lair:5:   minmay_lair_end_enchanted_forest, layout_loops_ring,
          dpeg_slime_entry_corner, minmay_lair_oklob_items

Skill      XL: |  1  2  3  4  5  6  7  8  9 10 11 12 13 14 |
---------------+-------------------------------------------+-----
Stealth        | 7 8 9 10 11 12 13 | 13.6
Spellcasting   | 1 2 3 4 5 6 7 |  7.3
Fighting       | 4 5 6 7 8 9 |  9.2
Short Blades   | 3 4 5 6 7 8 9 |  9.0
Dodging        | 3 4 5 6 7 8 |  8.7
Hexes          | 1 2 3 4 5 6 7 |  7.7
Shapeshifting  | 1 2 3 4 5 6 7 |  7.8
Poison Magic   | 2 4 5 6 |  6.0
Conjurations   | 2 3 5 6 |  6.5
Fire Magic     | 2 3 4 |  4.8
Air Magic      | 2 3 5 6 |  6.5
Transmutations | 2 3 4 |  4.9

Action                     |  1- 3 |  4- 6 |  7- 9 | 10-12 | 13-15 || total
---------------------------+-------+-------+-------+-------+-------++-------
  Melee: Short sword       |    77 |    62 |   284 |   412 |   111 ||   946
         Constrict         |    14 |    17 |    55 |    63 |     7 ||   156
         Tentacles         |    12 |    21 |   103 |   180 |    34 ||   350
         Punch             |       |     1 |     5 |    11 |    15 ||    32
         Dagger            |       |       |       |    66 |       ||    66
         Unarmed           |       |       |       |   101 |   527 ||   628
         Tailslap          |       |       |       |    22 |   116 ||   138
         Bite              |       |       |       |    17 |    97 ||   114
         Sling             |       |       |       |       |     1 ||     1
   Fire: Orcbow            |       |       |       |    33 |       ||    33
         Sling             |       |       |       |       |    14 ||    14
  Throw: Dart              |     5 |     9 |       |     9 |     5 ||    28
   Cast: Confusing Touch   |       |       |    49 |   116 |   121 ||   286
         Mephitic Cloud    |       |       |       |     7 |     7 ||    14
         Irradiate         |       |       |       |       |     2 ||     2
         Arcjolt           |       |       |       |       |    21 ||    21
         Apportation       |       |       |       |       |     4 ||     4
         Ignite Poison     |       |       |       |       |     2 ||     2
 Invoke: Curse Item        |       |       |     4 |     6 |       ||    10
Ability: Breathe Fire      |       |       |       |     4 |    17 ||    21
  Evoke: Wand              |       |    11 |     4 |     7 |       ||    22
    Use: Scroll            |    10 |     1 |     6 |     8 |     2 ||    27
         Potion            |       |       |     1 |     2 |     3 ||     6
   Stab: Sleeping          |    13 |     6 |     9 |    13 |    14 ||    55
         Distracted        |       |     1 |       |       |       ||     1
         Confused          |       |       |    17 |    60 |    61 ||   138
 Armour: Skin              |    22 |    25 |   155 |   198 |   490 ||   890
  Dodge: Dodged            |    46 |    39 |   207 |   400 |   724 ||  1416
   Form: Beast             |     1 |       |       |     1 |     1 ||     3
                           |       |       |       |     1 |     3 ||     4
         Dragon            |       |       |       |     1 |     4 ||     5

Table legend: (Time is in decaauts)
 A = Elapsed time spent in this place.
 B = Non-inter-level travel time spent in this place.
 C = Inter-level travel time spent in this place.
 D = Time resting spent in this place.
 E = Time spent auto-exploring this place.
 F = Levels seen in this place.
 G = Mean time per level.
                   A        B        C        D        E       F      G
               +--------+--------+--------+--------+--------+-----+--------+
         Total |  23338 |  21873 |   1465 |   5600 |  11466 |  19 | 1228.3 |
       Dungeon |  15009 |  13971 |   1038 |   3649 |   7443 |  14 | 1072.1 |
          Lair |   8329 |   7903 |    426 |   1950 |   4023 |   5 | 1665.8 |
               +--------+--------+--------+--------+--------+-----+--------+

Top non-repeatable levels by time:
  Lair:4: 2525 daAuts
     D:8: 2333 daAuts
  Lair:5: 2144 daAuts
     D:4: 1477 daAuts
    D:12: 1473 daAuts
  Lair:3: 1313 daAuts
     D:9: 1221 daAuts
    D:10: 1209 daAuts
  Lair:2: 1201 daAuts
  Lair:1: 1144 daAuts
     D:5: 1133 daAuts
    D:11: 1091 daAuts
    D:13: 976 daAuts
     D:6: 959 daAuts
     D:2: 841 daAuts
